 Dungeon Crawl Stone Soup version 0.10.4 character file.

183 MisterOstroum the Sneak (level 3, -5/24 HPs)
             Began as a Human Enchanter on Sept 29, 2019.
             Was an Initiate of Nemelex Xobeh.
             Slain by a gnoll
             ... wielding a +2,+0 spear of dragon slaying
              (6 damage)
             ... on Level 3 of the Dungeon.
             The game lasted 00:21:11 (3393 turns).

MisterOstroum the Sneak (Human Enchanter)           Turns: 3393, Time: 00:21:12

HP  -5/24        AC  3     Str  8      XL: 3   Next: 95%
MP   1/5         EV 12     Int 16      God: Nemelex Xobeh [......]
Gold 137         SH  0     Dex 13      Spells:  2 memorised,  1 level left

Res.Fire  : . . .   See Invis. : .   a - +1 dagger {=f}
Res.Cold  : + . .   Warding    : . . b - +1 robe
Life Prot.: . . .   Conserve   : .   (no shield)
Res.Acid. : . . .   Res.Corr.  : .   (no helmet)
Res.Poison: .       Clarity    : .   (no cloak)
Res.Elec. : .       Spirit.Shd : .   (no gloves)
Sust.Abil.: . .     Stasis     : .   (no boots)
Res.Mut.  : .       Ctrl.Telep.: .   (no amulet)
Res.Rott. : .       Levitation : .   (no ring)
Saprovore : . . .   Ctrl.Flight: .   s - ring of protection from cold

@: very slightly contaminated, not resistant to hostile enchantments, stealthy
A: no striking features
a: Renounce Religion


You were on level 3 of the Dungeon.
You worshipped Nemelex Xobeh.
Nemelex Xobeh was noncommittal.
You were not hungry.

You visited 1 branch of the dungeon, and saw 3 of its levels.

You collected 117 gold pieces.

Inventory:

Hand weapons
 a - a +1,+1 dagger (weapon) {=f}
 x - a +0,+0 sling
 D - a +0,+0 short sword
Missiles
 g - 10 +0 arrows
 u - 118 +0 stones
 v - 20 steel +4 darts
 w - 18 silver +0 darts (quivered)
 A - 19 +3 darts
Armour
 b - a +1 robe (worn)
Magical devices
 z - a wand of slowing (14)
Comestibles
 f - 3 bread rations
 t - 12 strawberries
Scrolls
 e - 4 scrolls of detect curse
 i - a scroll of enchant weapon I {unknown}
 k - a scroll of fog {unknown}
 m - a scroll of enchant weapon II {unknown}
 p - a scroll of random uselessness {unknown}
 q - 3 scrolls of blinking {@r4}
 y - a scroll of curse weapon {unknown}
 B - a scroll of enchant armour {unknown}
 C - a scroll of remove curse {unknown}
 E - a scroll of identify {@r1}
 H - a scroll of teleportation {unknown}
Jewellery
 s - a ring of protection from cold (left hand)
Potions
 h - 2 potions of poison {unknown}
 n - 3 potions of magic {unknown}
 o - a potion of curing {unknown}
 G - a potion of agility {unknown}
Books
 c - a book of Maledictions

   Spells                             Type                      Level
   *Corona                            Hexes                        1
   Sure Blade                         Hexes/Charms                 2
   *Ensorcelled Hibernation           Hexes/Ice                    2
   Confuse                            Hexes                        3
   Enslavement                        Hexes                        4
   Invisibility                       Hexes                        6


   Skills:
 + Level 1.2 Short Blades
 - Level 1.0 Throwing
 - Level 2.0 Dodging
 - Level 4.1 Stealth
 + Level 1.0 Stabbing
 - Level 1.0 Traps & Doors
 - Level 1.0 Spellcasting
 - Level 4.0 Hexes


You had one spell level left.
You knew the following spells:

 Your Spells              Type           Power        Failure   Level  Hunger
a - Corona                Hex            ###.....     6%          1    Strawberry
b - Ensorcelled Hibernat  Ice/Hex        ##.....      17%         2    Choko

Dungeon Overview and Level Annotations

Branches:
Dungeon (3/27)

Altars:
Nemelex Xobeh
Okawaru
Vehumet


Message History

Press: ? - help, Shift-Dir - straight line, f - giant newt
Aim: a giant newt You throw a dart.
The dart hits the giant newt.
You kill the giant newt!
Throwing (i - inventory. (,) - cycle):
l - 2 darts (quivered)
Press: ? - help, Shift-Dir - straight line
Okay, then.
l - 3 darts (gained 1)
You see here a giant newt corpse.
Throwing (i - inventory. (,) - cycle):
l - 3 darts (quivered)
Press: ? - help, Shift-Dir - straight line, f - gnoll
Aim: a gnoll, wielding a glowing spear (hasn't noticed you)
You throw a dart. The dart misses the gnoll.
Throwing (i - inventory. (,) - cycle):
l - 2 darts (quivered)
Press: ? - help, Shift-Dir - straight line, f/p - gnoll
Aim: a gnoll, wielding a glowing spear You throw a dart.
The dart hits the gnoll.
The gnoll is lightly wounded.
The gnoll throws a +1 dart.
The +1 dart hits you!
Throwing (i - inventory. (,) - cycle):
l - a dart (quivered)
Press: ? - help, Shift-Dir - straight line, f/p - gnoll
Aim: a gnoll, wielding a glowing spear (lightly wounded)
You throw a dart. The dart hits the gnoll.
The gnoll is moderately wounded.
The gnoll throws a +1 dart.
The +1 dart hits you!
Unknown command.
Throwing (i - inventory. (,) - cycle):
A - 21 runed darts (quivered)
Press: ? - help, Shift-Dir - straight line, f/p - gnoll
Aim: a gnoll, wielding a glowing spear (moderately wounded)
You throw a runed dart. The runed dart hits the gnoll.
The gnoll is moderately wounded.
The gnoll throws a +1 dart.
The +1 dart hits you!
Throwing (i - inventory. (,) - cycle):
A - 20 runed darts (quivered)
Press: ? - help, Shift-Dir - straight line, f/p - gnoll
Aim: a gnoll, wielding a glowing spear (moderately wounded)
You throw a runed dart. The runed dart hits the gnoll.
The gnoll is heavily wounded.
Unknown command.
Throwing (i - inventory. (,) - cycle):
w - 23 silver darts (quivered)
Press: ? - help, Shift-Dir - straight line, f/p - gnoll
Aim: a gnoll, wielding a glowing spear (heavily wounded)
You throw a silver dart. The silver dart misses the gnoll.
Throwing (i - inventory. (,) - cycle):
w - 22 silver darts (quivered)
Press: ? - help, Shift-Dir - straight line, f/p - gnoll
Aim: a gnoll, wielding a glowing spear (heavily wounded)
You throw a silver dart. The silver dart hits the gnoll.
The gnoll is heavily wounded.
Casting: Ensorcelled Hibernation
Confirm with . or Enter, or press ? or * to list all spells.
Aiming: Ensorcelled Hibernation
Press: ? - help, Shift-Dir - straight line, f/p - gnoll
Aim: a gnoll, wielding a glowing spear (heavily wounded)
You miscast Ensorcelled Hibernation.
Multicoloured lights dance before your eyes!
Casting: Ensorcelled Hibernation
Confirm with . or Enter, or press ? or * to list all spells.
Aiming: Ensorcelled Hibernation
Press: ? - help, Shift-Dir - straight line, f/p - gnoll
Aim: a gnoll, wielding a glowing spear (heavily wounded)
The gnoll struggles to resist.
The gnoll closely misses you.
The gnoll hits you from afar with a glowing spear.
Evoke which item? (* to show all) (? for menu, Esc to quit)
Okay, then.
Throwing (i - inventory. (,) - cycle):
w - 21 silver darts (quivered)
Press: ? - help, Shift-Dir - straight line, f/p - gnoll
Aim: a gnoll, wielding a glowing spear (heavily wounded)
You throw a silver dart. The silver dart misses the gnoll.
The gnoll hits you but does no damage.
Unknown command.
Casting: Ensorcelled Hibernation
Confirm with . or Enter, or press ? or * to list all spells.
Aiming: Ensorcelled Hibernation
Press: ? - help, Shift-Dir - straight line, f/p - gnoll
Aim: a gnoll, wielding a glowing spear (heavily wounded)
You miscast Ensorcelled Hibernation.
You are very lightly contaminated with residual magic.
Wisps of condensation drift from your hands.
Throwing (i - inventory. (,) - cycle):
w - 20 silver darts (quivered)
Press: ? - help, Shift-Dir - straight line, f/p - gnoll
Aim: a gnoll, wielding a glowing spear (heavily wounded)
You throw a silver dart. The silver dart misses the gnoll.
The gnoll closely misses you.
Throwing (i - inventory. (,) - cycle):
w - 19 silver darts (quivered)
Press: ? - help, Shift-Dir - straight line, f/p - gnoll
Aim: a gnoll, wielding a glowing spear (heavily wounded)
You throw a silver dart. The silver dart misses the gnoll.
The gnoll hits you from afar with a glowing spear.
The gnoll hits you with a glowing spear.
You hit the gnoll.
The gnoll is severely wounded.
The gnoll hits you with a glowing spear!
* * * LOW HITPOINT WARNING * * *
You hit the gnoll.
The gnoll is almost dead.
The gnoll barely misses you.
You barely miss the gnoll.
The gnoll is almost dead.
The gnoll hits you with a glowing spear.
You die...
Your body disappears without a glow.

#...#.#....#.
#####.#.#.#.##.#.
#.......#.#.##.#.
#.#####.#.#....#.
#.#.###.#.+####+.
#.#.....#.. ..
#.#.....+########
##########..%.............
.........@g..#########.#..
.###########.# #.# #...#
#.# #.#.# #.#.# #.# #.#.#
(#.#.# #.# #.#.# #(#.#.#
#.# #.#.# #g#.#.# #.#
#.#.# #(#.#.#######.#
#.#.# #(#.#.........#
#.#.#


You could see a gnoll.

Vanquished Creatures
  An adder (D:3)
  2 giant geckos
  An orc (D:3)
  A ball python (D:1)
  2 bats
  A giant cockroach (D:1)
  4 hobgoblins
  4 kobolds
  2 giant newts
  7 goblins
  9 rats
34 creatures vanquished.

Vanquished Creatures (others)
  A goblin (D:1)
1 creature vanquished.

Grand Total: 35 creatures vanquished

Notes
Turn   | Place    | Note
--------------------------------------------------------------
     0 | D:1      | MisterOstroum, the Human Enchanter, began the quest for the Orb.
     0 | D:1      | Reached XP level 1. HP: 13/13 MP: 3/3
   224 | D:1      | Reached XP level 2. HP: 17/19 MP: 4/4
   234 | D:1      | Learned a level 2 spell: Ensorcelled Hibernation
  1067 | D:2      | Found a radiant altar of Vehumet.
  1381 | D:2      | Reached XP level 3. HP: 24/24 MP: 5/5
  1488 | D:2      | Found a sparkling altar of Nemelex Xobeh.
  2528 | D:3      | Found an iron altar of Okawaru.
  2612 | D:2      | Became a worshipper of Nemelex Xobeh
  2751 | D:3      | Reached skill level 4 in Hexes
  3076 | D:3      | Found a glowing drain.
  3391 | D:3      | HP: 1/24 [gnoll/glowing spear (8)]
  3393 | D:3      | Slain by a gnoll
